 Dungeon Crawl Stone Soup version 0.32-a0-18-g89e19f1 (webtiles) character file.

Game seed: 13705464050465471341

668056 Superstore the Sorcerer (level 27, -24/169 HPs)
             Began as a Demonspawn Fire Elementalist on Jan 16, 2024.
             Was the Champion of Vehumet.
             Annihilated by an iron golem (26 damage)
             ... on level 4 of the Depths.
             The game lasted 04:26:18 (110082 turns).

Superstore the Sorcerer (DsFE)                    Turns: 110082, Time: 04:26:19

Health: -24/169    AC: 13    Str:  7      XL:     27
Magic:  37/59      EV: 15    Int: 37 (38) God:    Vehumet [******]
Gold:   5569       SH:  9    Dex: 27      Spells: 7/79 levels left

rFire   + . .        w - +6 Majin-Bo {spellvamp, MP+6 Int+6}
rCold   + . .        P - +2 buckler {AC+3}
rNeg    + . .        u - +3 robe of Clouds {*Thunder rCloud rElec}
rPois   +            K - +2 helmet
rElec   +            f - scarf {rC+ rF+}
rCorr   +            (gloves unavailable)
SInv    .            O - +2 pair of boots {Fly}
Will    +++..        d - amulet of magic regeneration
Stlth   ++++++       Y - ring "Ynaenav" {rN+ Dex+3}
HPRegen 0.48/turn    g - ring "Johoatoc" {rPois rCorr Int+3}
MPRegen 0.76/turn

%: no passive effects
@: flying, very slightly contaminated, studying 2 skills
A: claws 3, thin skeletal structure 3, hurl damnation, foul stench 3, spiny 3,
torment resistance 1, demonic willpower, hooves 1, agile 1, deformed body,
deterioration 1, wild magic 1
}: 4/15 runes: barnacled, slimy, silver, gossamer
a: Hurl Damnation, Renounce Religion


You were on level 4 of the Depths.
You worshipped Vehumet.
Vehumet was exalted by your worship.
You visited 14 branches of the dungeon, and saw 57 of its levels.
You visited the Abyss 1 time.
You visited 1 bazaar.
You also visited: Ossuary.

You collected 8337 gold pieces.
You spent 2768 gold pieces at shops.

Inventory:

Hand Weapons
 w - the +6 Majin-Bo (weapon) {spellvamp, MP+6 Int+6}
   (You took it off a deep elf annihilator on level 5 of the Vaults)

   Int+6:     It affects your intelligence (+6).
   MP+6:      It affects your magic capacity (+6).
Armour
 f - a scarf of resistance (worn)
 u - the +3 robe of Clouds (worn) {*Thunder rCloud rElec}
   (You bought it in a shop on level 1 of the Orcish Mines)

   *Thunder:  It occasionally creates storm clouds above nearby enemies.
   rCloud:    It grants its wearer immunity to clouds.
   rElec:     It insulates you from electricity.
 K - a +2 helmet (worn)
 O - a +2 pair of boots of flying (worn)
 P - a +2 buckler of protection (worn)
Jewellery
 d - an amulet of magic regeneration (around neck)
 g - the ring "Johoatoc" (right claw) {rPois rCorr Int+3}
   (You acquired it on level 1 of the Dungeon)

   [ring of poison resistance]

   Int+3:     It affects your intelligence (+3).
   rPois:     It protects you from poison rCorr: It protects you from acid and
   corrosion.
 j - the ring "Jazoxeda" {Ice +Blink}
   (You took it off Josephina on level 3 of the Realm of Zot)

   [ring of ice]

   Ice:       It enhances your ice magic.
   rF-:       It makes you vulnerable to fire.
   rC+:       It protects you from cold.
   +Blink:    It lets you blink.
 Y - the ring "Ynaenav" (left claw) {rN+ Dex+3}
   (You found it on level 3 of the Crypt)

   [ring of positive energy]

   Dex+3:     It affects your dexterity (+3).
   rN+:       It protects you from negative energy.
Wands
 k - a wand of acid (1)
 s - a wand of digging (28)
Scrolls
 o - 27 scrolls of teleportation
 p - 7 scrolls of fear
 v - 7 scrolls of poison
 y - 2 scrolls of butterflies
 B - 2 scrolls of vulnerability
 C - a scroll of silence
 H - 4 scrolls of revelation
 I - 5 scrolls of fog
 J - a scroll of torment
 R - 3 scrolls of blinking
 V - 6 scrolls of immolation
Potions
 a - 10 potions of mutation
 b - 6 potions of ambrosia
 c - 7 potions of lignification
 e - 36 potions of curing
 h - 4 potions of haste
 i - 8 potions of enlightenment
 m - 5 potions of resistance
 q - 8 potions of heal wounds
 x - 10 potions of brilliance
 F - 2 potions of might
 L - 4 potions of magic
 M - 7 potions of cancellation
 W - 2 potions of invisibility
Miscellaneous
 t - a sack of spiders
 A - a phial of floods


   Skills:
 + Level 4.0 Fighting
 + Level 0.9 Maces & Flails
 + Level 4.5 Dodging
 + Level 4.5 Stealth
 + Level 5.7 Shields
 * Level 26.7 Spellcasting
 * Level 19.4 Conjurations
 + Level 9.7 Hexes
 * Level 8.3 Necromancy
 + Level 7.0 Translocations
 + Level 21.6 Fire Magic
 * Level 18.1 Air Magic
 * Level 16.7 Earth Magic
 + Level 9.8 Alchemy
 + Level 1.4 Evocations


You had 7 spell levels left.
You knew the following spells:

 Your Spells              Type           Power      Damage    Failure   Level
a - Disjunction           Tloc           46%        N/A       95%         8
b - Fire Storm            Conj/Fire      66%        8d17      5%          9
c - Death's Door          Necr           48%        N/A       100%        9
d - Lehudib's Crystal Sp  Conj/Erth      63%        10d14     1%          8
g - Ignition              Fire           67%        3d18      1%          8
i - Plasma Beam           Fire/Air       65%        2x1d81    1%          6
j - Chain Lightning       Conj/Air       64%        3d85      10%         9
k - Shatter               Erth           61%        3d45*     21%         9
l - Dispersal             Tloc           46%        N/A       8%          6

Your spell library contained the following spells:

 Spells                   Type           Power      Damage    Failure   Level
 Apportation              Tloc           100%       N/A       1%          1
 Foxfire                  Conj/Fire      100%       2x1d9     1%          1
 Kiss of Death            Conj/Necr      100%       2d13      1%          1
 Magic Dart               Conj           100%       1d8       1%          1
 Necrotise                Necr           100%       1d9       1%          1
 Sandblast                Erth           100%       2d20      1%          1
 Shock                    Conj/Air       100%       1d9       1%          1
 Slow                     Hex            100%       N/A       1%          1
 Sting                    Conj/Alch      100%       1d9       1%          1
 Summon Small Mammal      Summ           100%       N/A       1%          1
 Call Imp                 Summ           100%       N/A       1%          2
 Jinxbite                 Hex            100%       N/A       1%          2
 Lesser Beckoning         Tloc           100%       N/A       1%          2
 Mercury Vapours          Alch/Air       100%       N/A       1%          2
 Scorch                   Fire           100%       2d9       1%          2
 Searing Ray              Conj           100%       2d8       1%          2
 Static Discharge         Conj/Air       100%       3-8/arc   1%          2
 Sublimation of Blood     Necr           97%        N/A       1%          2
 Confusing Touch          Hex            100%       N/A       1%          3
 Dazzling Flash           Conj/Hex       100%       N/A       1%          3
 Gell's Gravitas          Tloc           93%        N/A       1%          3
 Hailstorm                Conj/Ice       100%       3d16      1%          3
 Inner Flame              Hex/Fire       100%       N/A       1%          3
 Mephitic Cloud           Conj/Alch/Air  100%       N/A       1%          3
 Passwall                 Erth           100%       N/A       1%          3
 Sigil of Binding         Hex            100%       N/A       1%          3
 Stone Arrow              Conj/Erth      100%       3d13      1%          3
 Teleport Other           Tloc           93%        N/A       1%          3
 Tukima's Dance           Hex            100%       N/A       1%          3
 Vampiric Draining        Necr           97%        2d12      1%          3
 Volatile Blastmotes      Fire/Tloc      100%       2d18      1%          3
 Airstrike                Air            63%        2d(9-25)  1%          4
 Anguish                  Hex/Necr       50%        N/A       1%          4
 Animate Armour           Summ/Erth      100%       N/A       1%          4
 Animate Dead             Necr           97%        N/A       1%          4
 Brom's Barrelling Bould  Conj/Erth      100%       2d11      1%          4
 Dimensional Bullseye     Hex/Tloc       49%        N/A       1%          4
 Dispel Undead            Necr           97%        3d30      1%          4
 Flame Wave               Conj/Fire      100%       2d21      1%          4
 Fulminant Prism          Conj/Alch      58%        3d25      1%          4
 Ignite Poison            Fire/Alch      100%       N/A       1%          4
 Iskenderun's Mystic Bla  Conj/Tloc      100%       2d19      1%          4
 Leda's Liquefaction      Alch/Erth      56%        N/A       1%          4
 Manifold Assault         Tloc           93%        N/A       1%          4
 Olgreb's Toxic Radiance  Alch           100%       N/A       1%          4
 Passage of Golubria      Tloc           93%        N/A       1%          4
 Sticky Flame             Fire/Alch      100%       2d15      1%          4
 Summon Blazeheart Golem  Fire/Summ      100%       N/A       1%          4
 Summon Lightning Spire   Summ/Air       100%       N/A       1%          4
 Vhi's Electric Charge    Tloc/Air       100%       N/A       1%          4
 Arcjolt                  Conj/Air       64%        1d74      1%          5
 Borgnjor's Vile Clutch   Necr/Erth      55%        N/A       1%          5
 Curse of Agony           Necr           97%        N/A       1%          5
 Fireball                 Conj/Fire      66%        3d25      1%          5
 Irradiate                Conj/Alch      58%        3d31      1%          5
 Iskenderun's Battlesphe  Conj           100%       2d15      1%          5
 Lee's Rapid Deconstruct  Erth           61%        3d28*     1%          5
 Yara's Violent Unravell  Hex/Alch       51%        3d20      1%          5
 Bombard                  Conj/Erth      63%        9d10      1%          6
 Conjure Ball Lightning   Conj/Air       64%        3x3d23    1%          6
 Eringya's Noxious Bog    Alch           51%        4d6       1%          6
 Starburst                Conj/Fire      66%        6d17      1%          6
 Orb of Destruction       Conj           64%        9d15      1%          7
 Martyr's Knell           Necr/Summ      81%        N/A       2%          4
 Call Canine Familiar     Summ           59%        N/A       3%          3
 Summon Ice Beast         Ice/Summ       59%        N/A       3%          3
 Spellforged Servitor     Conj/Summ      51%        N/A       4%          7
 Death Channel            Necr           48%        N/A       5%          6
 Enfeeble                 Hex            51%        N/A       14%         7
 Sculpt Simulacrum        Ice/Alch       42%        N/A       17%         6
 Summon Cactus Giant      Summ           29%        N/A       73%         6
 Ozocubu's Refrigeration  Ice            29%        4d14      78%         7
 Summon Hydra             Summ           29%        N/A       99%         7
 Maxwell's Capacitive Co  Air            63%        ∞         1%          8
 Discord                  Hex            51%        N/A       67%         8
 Summon Horrible Things   Summ           29%        N/A       100%        8


Dungeon Overview and Level Annotations

Branches:
Dungeon (15/15)            Temple (1/1) D:6            Lair (5/5) D:11
 Shoals (4/4) Lair:2       Spider (4/4) Lair:3        Slime (5/5) Lair:5
    Orc (2/2) D:12            Elf (3/3) Orc:2        Vaults (5/5) D:14
  Crypt (3/3) Vaults:2       Tomb (1/3) Crypt:3 Zot: 874  Depths (4/4) D:15
   Hell (visited)             Zot (4/5) Depths:4    Ossuary (visited)
    Dis: Hell:1         Geh: Hell:1         Coc: Hell:1         Tar: Hell:1

Altars:
Ashenzari
Cheibriados
Dithmenos
Fedhas
Gozag
Hepliaklqana
Kikubaaqudgha
Makhleb
Nemelex Xobeh
Okawaru
Qazlal
Ru
Sif Muna
Trog
Uskayaw
Vehumet
Wu Jian
Xom
Yredelemnul
Jiyva

Shops:
D:2 (   Orc:1 [   Orc:2 (=[[!!(**   Vaults:4 *   Vaults:5 [

Portals:
Hell: Depths:1 Depths:2 Depths:3 Depths:4
Abyss: Depths:2 Depths:3
Pandemonium: Depths:2
Ziggurat: Depths:4

Annotations:
Zot:4 Tiamat


Innate Abilities, Weirdness & Mutations

You have claws for hands.
You have an unnaturally thin skeletal structure. (Dex +6, Stealth+++)
You can hurl damnation.
You frequently emit foul miasma when damaged in melee.
You are completely covered in sharp spines.
You are resistant to unholy torment.
You punish those that try to bend your will. (Will+)
You have large cloven feet.
You are agile. (Dex +4, Str/Int -1)
Armour fits poorly on your strangely shaped body.
Your body sometimes deteriorates upon taking damage.
Your spells are a little harder to cast, but a little more powerful.


Message History

Unknown command.
Casting: Chain Lightning (dangerous; 9% risk of failure)
Confirm with . or Enter, or press ? or * to list all spells.
Lightning arcs from your claws!
The bolt of lightning hits the iron golem!!!
The iron golem resists.
The iron golem is heavily damaged.
The bolt of lightning hits the reaper!!!
You kill the reaper!
Vehumet accepts your kill.
You feel your power returning. The bolt of lightning hits you! You resist.
You hear an angry squeal.
A hell hog comes into view.
Unknown command.
Unknown command.
Unknown command.
The iron golem hits you. The iron golem completely misses you.
Thank you for visiting Hell.
Please come again soon.
You fly up through the gate.
Welcome back to the Depths!
There is a gateway to Hell here.
Casting: Chain Lightning (dangerous; 9% risk of failure)
Confirm with . or Enter, or press ? or * to list all spells.
You miscast Shatter.
You are very lightly contaminated with residual magic.
You are hit by flying rocks.
Storm clouds gather above the iron golem.
You block the iron golem's attack. The iron golem hits you!!
Your body deteriorates!
You feel dopey.
Unknown command.
Casting: Shatter (dangerous; 21% risk of failure)
Confirm with . or Enter, or press ? or * to list all spells.
The dungeon rumbles!
The iron golem is almost destroyed.
A door shatters! x4
Ka-crash!
* * * LOW HITPOINT WARNING * * *
The iron golem hits you!!!
* * * LOW HITPOINT WARNING * * *
The iron golem hits you!!
You die...

######.....##..####'####
#....##.....#..####.###.
#................#....#.
#.....#..........#....#.
......#.....#....#....#.
#.#.####.....#....#....#.
#..........[......#....#.
#............#....##...#.
#.......@....#....##...#.
#........9.............#.
#............#.........#.
#............#.........#.
#.............#'######'#.
###...####...............
#.## #............... .#
#...............
#.....[.........


You could see an iron golem.

Vanquished Creatures
  the Royal Jelly (Slime:5)
  2 orbs of fire (Zot:2)
  2 dread liches (Vaults:5)
  An ancient lich (Vaults:5)
  2 juggernauts (Depths:2)
  19 royal mummies (Tomb:1)
  Josephina (Zot:3)
  Vv (Depths:3)
  Boris (Depths:2)
  4 curse toes
  2 Killer Klowns (Zot:2)
  Saint Roka (Depths:1)
  5 caustic shrikes (Depths:2)
  Geryon (Hell)
  Norris (Elf:2)
  6 golden dragons
  Nikola (Vaults:1)
  Arachne (Spider:2)
  The ghost of gb0801 the Slayer, an adept MiFi of Okawaru (Vaults:1)
  A shard shrike zombie (Abyss:3)
  An electric golem (Depths:4)
  A walking crystal tome (Depths:2)
  A hellephant (Depths:1)
  2 walking earthen tomes (Depths:2)
  3 walking divine tomes
  Asterion (Spider:2)
  22 tentacled monstrosities
  8 liches
  2 deep elf blademasters (Elf:3)
  3 titans (Vaults:5)
  2 deep elf master archers (Elf:3)
  8 sphinxes
  9 death cobs
  3 quicksilver dragons
  19 acid blobs
  Murray (Hell)
  Polyphemus (Shoals:2)
  16 storm dragons
  8 shadow dragons
  8 tengu reavers
  Donald (Shoals:1)
  5 ancient champions
  Aizul (Shoals:3)
  Roxanne (Shoals:3)
  3 revenants
  8 rockslimes
  10 fire giants
  5 draconian monks
  10 azure jellies
  8 frost giants
  12 emperor scorpions
  A spectral caustic shrike (Crypt:3)
  3 draconian shifters (Zot:1)
  19 vault wardens
  9 ghost moths
  4 draconian knights
  7 deep elf sorcerers
  4 draconian scorchers
  An iron dragon (Depths:2)
  3 deep elf elementalists (Elf:3)
  4 draconian annihilators
  4 reapers
  4 draconian stormcallers
  A ghoul (Vaults:2)
  2 spriggan defenders (Depths:2)
  3 broodmothers
  4 orc warlords
  2 formless jellyfish
  20 ironbound preservers
  2 putrid mouths
  24 very ugly things
  5 ironbound thunderhulks
  12 quicksilver oozes
  5 black draconians (Zot:3)
  A lorocyproca (Hell)
  18 stone giants
  9 yellow draconians
  7 green draconians
  13 deep elf death magi
  8 vampire knights
  5 dire elephants
  2 elemental wellsprings (Shoals:3)
  9 deep elf demonologists
  A minotaur (Shoals:1)
  13 red draconians
  9 spark wasps
  7 deep elf annihilators
  9 purple draconians
  7 war gargoyles
  A green death (Hell)
  8 white draconians
  9 mummy priests (Tomb:1)
  3 spectral quicksilver dragons (Crypt:3)
  11 ettins
  7 merfolk impalers
  2 crystal guardians (Vaults:3)
  2 blizzard demons (Hell)
  18 yaktaur captains
  13 eidola
  10 jiangshi
  7 entropy weavers
  6 merfolk javelineers
  2 spectral fenstrider witches (Crypt:3)
  The ghost of gb0801 the Severer, a journeyman HOMo of Makhleb (Orc:2)
  A spriggan zombie (Hell)
  5 fire dragons
  A quicksilver dragon zombie (Crypt:1)
  The ghost of december12 the Carver, a journeyman BaAr of Kikubaaqudgha (D:11)
  4 ice dragons
  4 deep elf high priests
  6 peacekeepers
  2 spectral spriggans (Crypt:3)
  4 rakshasas
  11 great orbs of eyes
  A juggernaut simulacrum (Depths:2)
  A quicksilver dragon skeleton (Crypt:1)
  39 vault guards
  Erolcha (Orc:2)
  5 hydras
  3 spriggan air magi
  6 merfolk avatars
  4 merfolk aquamancers
  A catoblepas (Shoals:2)
  7 centaur warriors
  A fenstrider witch skeleton (Hell)
  10 ironbound frosthearts
  7 jorogumos
  4 ogre magi
  An anaconda (shapeshifter) (Vaults:5)
  10 two-headed ogres
  5 death knights
  5 satyrs
  8 radroaches
  4 deep troll shamans
  17 death yaks
  8 boulder beetles
  6 death scarabs (Tomb:1)
  6 tengu warriors
  30 dancing weapons
  2 spectral storm dragons (Crypt:3)
  5 vampire magi
  10 deep troll earth magi
  6 hell hogs
  12 orc high priests
  11 demonic crawlers
  A thrashing horror (Abyss:2)
  5 spriggan berserkers
  12 deep elf knights
  A spectral dire elephant (Crypt:3)
  6 soul eaters
  A titan zombie (Depths:1)
  36 hell knights
  6 spriggans
  12 sun demons
  A storm dragon skeleton (Crypt:3)
  10 skysharks
  A wretched star (Abyss:3)
  10 shadow wraiths
  A fire crab (shapeshifter) (Vaults:5)
  12 skeletal warriors
  62 deep trolls
  4 pharaoh ants
  8 sea snakes
  A spectral anaconda (Crypt:3)
  2 bunyip zombies
  6 iron trolls
  6 orb spiders
  2 quicksilver dragon simulacra
  A sun moth (Spider:3)
  2 anaconda zombies (Abyss:3)
  A glowing orange brain (shapeshifter) (Vaults:4)
  An orb spider (shapeshifter) (Vaults:5)
  10 flayed ghosts
  2 spriggan simulacra
  12 deep elf archers
  A bunyip skeleton (Hell)
  9 glowing orange brains
  A shadow dragon zombie (Depths:1)
  An iron giant skeleton (Crypt:2)
  An obsidian statue (D:9)
  12 arcanists
  3 lindwurms (Vaults:3)
  17 phantasmal warriors
  A tengu zombie (Depths:1)
  18 harpies
  29 orc knights
  15 necromancers
  25 deep elf pyromancers
  32 wolf spiders
  8 steelbarb worms
  18 ironbound convokers
  A goliath frog zombie (Crypt:1)
  A glowing shapeshifter (Depths:2)
  18 deep elf zephyrmancers
  15 manticores
  A faun (shapeshifter) (Depths:4)
  4 orc sorcerers (Orc:2)
  A shadow dragon skeleton (Crypt:2)
  15 fauns
  A salamander (D:15)
  A shining eye (shapeshifter) (Vaults:5)
  26 ugly things
  A fire giant zombie (Depths:2)
  6 cyclopes
  2 oklob plants (Spider:2)
  A spectral centaur (Crypt:3)
  5 shining eyes
  An eleionoma zombie (Crypt:2)
  An iron dragon zombie (Crypt:2)
  7 merfolk sirens
  2 dire elephant zombies
  A salamander (shapeshifter) (Vaults:5)
  18 moths of wrath
  11 elephants
  An apocalypse crab (Abyss:3)
  2 black mambas
  4 kobold blastminers (Orc:2)
  A frost giant skeleton (Depths:2)
  23 vault sentinels
  A titan simulacrum (Depths:2)
  8 rust devils
  13 meliai
  7 water nymphs
  4 torpor snails
  4 eyes of devastation
  2 storm dragon simulacra (Zot:3)
  An unseen horror (shapeshifter) (Elf:2)
  2 gargoyles
  A naga skeleton (Crypt:2)
  2 green draconian zombies
  A sea snake zombie (Hell)
  A kobold demonologist (D:13)
  A hellion (Depths:1)
  12 cane toads
  43 yaktaurs
  4 unseen horrors
  A catoblepas zombie (Crypt:3)
  23 freezing wraiths
  6 komodo dragons
  7 rime drakes
  3 tengu conjurers
  A bunyip simulacrum (Hell)
  A purple draconian skeleton (Crypt:2)
  An iron troll zombie (Crypt:3)
  8 trolls
  15 guardian mummies
  5 ice devils
  A spectral harpy (Crypt:3)
  2 ancient zymes (Abyss:3)
  A spectral naga (Crypt:3)
  A moth of wrath zombie (Crypt:1)
  21 merfolk
  2 polar bears (Lair:5)
  7 wind drakes
  19 blink frogs
  A shadow dragon simulacrum (Depths:1)
  2 glass eyes
  9 hornets
  25 tarantellas
  An ettin zombie (Crypt:2)
  A harpy skeleton (Tomb:1)
  A tarantella (shapeshifter) (Elf:1)
  3 hydra skeletons (Hell)
  8 dream sheep
  A draconian simulacrum (Zot:3)
  10 snapping turtles
  A spectral black mamba (Crypt:3)
  A shadow (Crypt:3)
  97 slime creatures
  33 jumping spiders
  21 water elementals
  A guardian serpent skeleton (Crypt:2)
  3 centaur simulacra
  3 ushabtiu (Tomb:1)
  4 air elementals
  19 culicivoras
  31 yaks
  A ynoxinul (Abyss:3)
  A vampire (D:11)
  A wind drake zombie (Crypt:3)
  6 wraiths
  A fire elemental (Elf:1)
  9 basilisks
  2 neqoxecs (Abyss:3)
  5 golden eyes (Slime:5)
  7 wyverns
  A tyrant leech zombie (Crypt:2)
  3 wargs
  3 steam dragons
  18 humans (D:14)
  A redback (shapeshifter) (Vaults:5)
  59 redbacks
  11 vampire mosquitoes
  A small abomination (Abyss:3)
  A merfolk zombie (Crypt:3)
  3 acid dragons
  3 hell hounds
  A hydra simulacrum (Crypt:3)
  15 water moccasins
  A moth of wrath simulacrum (Zot:3)
  A swamp drake (shapeshifter) (Elf:3)
  28 orc warriors
  4 black bears
  3 ice beasts
  29 laughing skulls
  2 sky beasts (D:7)
  A cane toad skeleton (Crypt:1)
  6 ogres
  10 boggarts (Vaults:1)
  A black mamba simulacrum (Hell)
  32 wolves
  A phantom (D:4)
  17 centaurs
  3 kobold brigands (D:9)
  6 bullfrogs
  A naga simulacrum (Hell)
  2 gnoll sergeants (D:10)
  A water moccasin zombie (Ossuary)
  2 earth elementals (Elf:1)
  8 wights (D:7)
  A wyvern zombie (Crypt:3)
  13 killer bees
  A raiju skeleton (Crypt:2)
  7 howler monkeys
  A spriggan skeleton (Crypt:2)
  2 hounds
  3 gnoll boudas
  A wolf skeleton (Crypt:1)
  14 orc priests
  2 centaur zombies
  2 human zombies (Crypt:1)
  3 bombardier beetles
  A centaur skeleton (Crypt:1)
  A jelly (D:5)
  2 sleepcaps
  Crazy Yiuf (D:5)
  2 human skeletons (Crypt:1)
  An iguana (D:5)
  21 orc wizards
  11 hell rats
  A crocodile zombie (Ossuary)
  A tengu skeleton (Crypt:3)
  19 mummies
  2 adders
  16 gnolls
  A shadow imp (D:6)
  2 white imps (D:11)
  4 ufetubi (D:5)
  An adder zombie (Ossuary)
  A lava snake skeleton (Crypt:2)
  An adder skeleton (Crypt:2)
  5 dart slugs
  2 ribbon worms
  56 orcs
  3 ball pythons
  5 endoplasms
  2 giant cockroaches
  8 goblins
  5 hobgoblins
  6 jackals
  5 quokkas
  8 bats
  4 frilled lizards
  A jackal zombie (Ossuary)
  21 kobolds
  9 rats
  2 fire vortices
  A foxfire (D:11)
2572 creatures vanquished.

Vanquished Creatures (collateral kills)
  A dread lich (Vaults:5)
  3 royal mummies (Tomb:1)
  An acid blob (Slime:5)
  A stone giant (Vaults:5)
  A green draconian (Zot:3)
  A black draconian (Zot:2)
  A spriggan simulacrum (Tomb:1)
  A guardian mummy (Tomb:1)
  3 slime creatures (Slime:5)
  A golden eye (Slime:5)
  A mummy (Tomb:1)
  An orc (Vaults:5)
  2 foxfires (Lair:2)
18 creatures vanquished.

Vanquished Creatures (others)
  A slime creature (Vaults:1)
  An orc priest (Orc:2)
  An orc (Orc:2)
  204 fire vortices
  1044 foxfires
1251 creatures vanquished.

Grand Total: 3841 creatures vanquished

Notes
Turn   | Place    | Note
-------+----------+-------------------------------------------
     0 | D:1      | Superstore the Demonspawn Fire Elementalist began the quest
                  | for the Orb.
     0 | D:1      | Reached XP level 1. HP: 13/13 MP: 3/3
   208 | D:1      | Gained mutation: You have sharp fingernails. [demonic
                  | ancestry]
   208 | D:1      | Reached XP level 2. HP: 19/19 MP: 0/5
   377 | D:1      | Learned a level 2 spell: Scorch
   550 | D:1      | Found a faded altar of an unknown god.
  1496 | D:1      | Reached XP level 3. HP: 25/25 MP: 2/6
  1618 | D:1      | Learned a level 3 spell: Inner Flame
  1726 | D:1      | Identified a scroll of acquirement
  1726 | D:1      | Acquired the ring "Johoatoc" {rPois rCorr Int+3}
  2118 | D:2      | Reached skill level 1 in Fighting
  2295 | D:2      | Found Hyoh's Weapon Boutique.
  2899 | D:3      | Gained mutation: You may rarely emit foul miasma when
                  | damaged in melee. [demonic ancestry]
  2899 | D:3      | Reached XP level 4. HP: 32/32 MP: 3/7
  4140 | D:4      | Found a sand-covered staircase.
  4152 | Ossuary  | Entered an ossuary
  4175 | Ossuary  | Gained mutation: You sometimes emit foul miasma when
                  | damaged in melee. [demonic ancestry]
  4175 | Ossuary  | Reached XP level 5. HP: 32/37 MP: 0/9
  4282 | Ossuary  | Reached skill level 3 in Spellcasting
  4282 | Ossuary  | Reached skill level 1 in Hexes
  4323 | D:4      | Noticed a phantom
  4347 | D:4      | Killed a phantom
  4348 | D:4      | Gained mutation: You have a somewhat thin skeletal
                  | structure. (Dex +2, Stealth+) [demonic ancestry]
  4348 | D:4      | Reached XP level 6. HP: 8/44 MP: 0/11
  5404 | D:5      | Entered Level 5 of the Dungeon
  5408 | D:5      | Reached skill level 1 in Shields
  5451 | D:5      | Noticed a water moccasin
  5453 | D:5      | Killed a water moccasin
  5709 | D:5      | Noticed a water moccasin
  5713 | D:5      | Killed a water moccasin
  5714 | D:5      | Gained mutation: You have very sharp fingernails. [demonic
                  | ancestry]
  5714 | D:5      | Reached XP level 7. HP: 50/50 MP: 5/12
  5781 | D:5      | Learned a level 3 spell: Stone Arrow
  5784 | D:5      | Reached skill level 4 in Spellcasting
  6150 | D:5      | Gained mutation: Your movements are slightly less
                  | encumbered by armour. (ER -2) [potion of mutation]
  6326 | D:5      | Found a runed translucent door.
  6327 | D:5      | Noticed Crazy Yiuf
  6512 | D:5      | Reached skill level 1 in Earth Magic
  7397 | D:5      | Killed Crazy Yiuf
  7398 | D:5      | Reached skill level 5 in Fire Magic
  7398 | D:5      | Gained mutation: You are partially covered in sharp spines.
                  | [demonic ancestry]
  7398 | D:5      | Reached XP level 8. HP: 57/57 MP: 6/14
  7750 | D:6      | Found a staircase to the Ecumenical Temple.
  7759 | Temple   | Entered the Ecumenical Temple
  7818 | Temple   | Became a worshipper of Vehumet
  8352 | D:6      | Identified the +1 leather armour "Exudgh" {Dex+3}
  9101 | D:7      | Reached skill level 5 in Spellcasting
 10030 | D:7      | Reached XP level 9. HP: 63/63 MP: 7/17
 10180 | D:7      | Found a blossoming altar of Fedhas.
 10391 | D:7      | Reached * piety under Vehumet
 10391 | D:7      | Offered knowledge of Sandblast by Vehumet.
 10587 | D:8      | Reached skill level 6 in Spellcasting
 12353 | D:9      | Noticed a two-headed ogre
 12358 | D:9      | Killed a two-headed ogre
 12359 | D:9      | Reached skill level 7 in Spellcasting
 12424 | D:9      | Reached XP level 10. HP: 70/70 MP: 8/20
 13444 | D:9      | Noticed an obsidian statue
 13469 | D:9      | Reached skill level 5 in Hexes
 13781 | D:10     | Entered Level 10 of the Dungeon
 13815 | D:10     | Offered knowledge of Momentum Strike by Vehumet.
 13822 | D:10     | Reached skill level 8 in Spellcasting
 13822 | D:10     | Reached ** piety under Vehumet
 14324 | D:10     | Reached skill level 5 in Conjurations
 14975 | D:11     | Noticed a two-headed ogre
 15401 | D:11     | Noticed a gargoyle
 15406 | D:11     | Killed a gargoyle
 15553 | D:11     | Noticed a two-headed ogre
 15556 | D:11     | Gained mutation: You are mostly covered in sharp spines.
                  | [demonic ancestry]
 15556 | D:11     | Reached XP level 11. HP: 75/75 MP: 18/23
 15565 | D:11     | Killed a two-headed ogre
 15596 | D:11     | Offered knowledge of Mephitic Cloud by Vehumet.
 15819 | D:11     | Reached skill level 5 in Shields
 16169 | D:11     | Reached skill level 9 in Spellcasting
 16585 | D:11     | Noticed a boulder beetle
 16604 | D:11     | Killed a boulder beetle
 16868 | D:11     | Found a staircase to the Lair.
 16873 | D:11     | Learned a level 3 spell: Mephitic Cloud
 16971 | D:11     | Killed a two-headed ogre
 17116 | D:11     | Found a runed translucent gate.
 17116 | D:11     | Found a runed translucent gate.
 17116 | D:11     | Found a runed translucent gate.
 17116 | D:11     | Noticed december12's ghost (journeyman BaAr)
 17253 | D:11     | Reached *** piety under Vehumet
 17254 | D:11     | Reached skill level 5 in Earth Magic
 17372 | D:11     | Reached skill level 10 in Spellcasting
 17372 | D:11     | Reached XP level 12. HP: 81/81 MP: 24/26
 17479 | Lair:1   | Entered Level 1 of the Lair of Beasts
 17490 | Lair:1   | Reached skill level 10 in Fire Magic
 18031 | Lair:1   | Gained mutation: You have claws for hands. [demonic
                  | ancestry]
 18031 | Lair:1   | Reached XP level 13. HP: 87/87 MP: 14/27
 18525 | Lair:1   | Found a hide-covered altar of Uskayaw.
 18531 | Lair:1   | Found an ornate altar of the Wu Jian Council.
 19144 | Lair:2   | Reached skill level 11 in Spellcasting
 19617 | Lair:2   | Offered knowledge of Olgreb's Toxic Radiance by Vehumet.
 19965 | Lair:2   | Found a staircase to the Shoals.
 20036 | Lair:2   | Learned a level 4 spell: Olgreb's Toxic Radiance
 20371 | Lair:2   | Reached **** piety under Vehumet
 21089 | Lair:3   | Reached skill level 1 in Alchemy
 21452 | Lair:3   | Offered knowledge of Brom's Barrelling Boulder by Vehumet.
 21740 | Lair:3   | Reached skill level 12 in Spellcasting
 22400 | Lair:3   | Found a hole to the Spider Nest.
 22657 | Lair:3   | Gained mutation: You have a moderately thin skeletal
                  | structure. (Dex +4, Stealth++) [demonic ancestry]
 22657 | Lair:3   | Reached XP level 14. HP: 93/93 MP: 13/30
 24177 | Lair:5   | Entered Level 5 of the Lair of Beasts
 24328 | Lair:5   | Found a viscous altar of Jiyva.
 24328 | Lair:5   | Found a staircase to the Slime Pits.
 24759 | Lair:5   | Reached ***** piety under Vehumet
 24777 | Lair:5   | Offered knowledge of Starburst by Vehumet.
 25308 | Lair:5   | Identified the ring of Gaynoaka {Wiz rF- Dex+3}
 25343 | Lair:5   | Reached skill level 13 in Spellcasting
 26203 | Lair:5   | Got the Incunable of the Generative Door
 27288 | D:12     | Found a staircase to the Orcish Mines.
 27497 | D:12     | Learned a level 5 spell: Iskenderun's Battlesphere
 27546 | D:12     | Reached skill level 5 in Alchemy
 27910 | D:12     | Identified the +1 spear "Federy Mului" {heavy, Dex+4}
 28677 | D:13     | Found an opulent altar of Gozag.
 29353 | D:13     | Reached skill level 14 in Spellcasting
 30037 | D:13     | Reached XP level 15. HP: 98/98 MP: 20/33
 31249 | D:14     | Found a shimmering blue altar of Sif Muna.
 31298 | D:14     | Offered knowledge of Ignite Poison by Vehumet.
 31395 | D:14     | Found a gate to the Vaults.
 32932 | D:15     | Entered Level 15 of the Dungeon
 33094 | D:15     | Found a radiant altar of Vehumet.
 33250 | D:15     | Learned a level 4 spell: Ignite Poison
 33874 | D:15     | Found a staircase to the Depths.
 33885 | D:15     | Reached skill level 15 in Spellcasting
 34499 | Orc:1    | Entered Level 1 of the Orcish Mines
 34499 | Orc:1    | Found Deetikhu's Armour Shop.
 34783 | Orc:2    | Entered Level 2 of the Orcish Mines
 34783 | Orc:2    | Found Xizeh's Antique Armour Shop.
 34867 | Orc:2    | Found Affutog's Antique Armour Shoppe.
 35108 | Orc:2    | Found Aciomaf's Distillery.
 35253 | Orc:2    | Found Icidot's Jewellery Emporium.
 35257 | Orc:2    | Found Qugyi's Weapon Shop.
 35260 | Orc:2    | Found a staircase to the Elven Halls.
 35266 | Orc:2    | Found a radiant altar of Vehumet.
 35267 | Orc:2    | Noticed Erolcha
 35273 | Orc:2    | Killed Erolcha
 36094 | Orc:2    | Found a runed translucent door.
 36096 | Orc:2    | Noticed gb0801's ghost (journeyman HOMo)
 36654 | Orc:2    | Found Xifuopak's General Store.
 36654 | Orc:2    | Found Ututsim's General Store.
 36656 | Orc:2    | Found Kocomoac's Distillery.
 36656 | Orc:2    | Found Tixit's Weapon Shoppe.
 36668 | Orc:2    | Bought an amulet of reflection for 450 gold pieces
 36734 | Orc:1    | Bought the +3 robe of Clouds {*Thunder rCloud rElec} for
                  | 415 gold pieces
 36734 | Orc:1    | Found the +3 robe of Clouds {*Thunder rCloud rElec}
 36830 | Orc:2    | Bought a potion of curing for 45 gold pieces
 36830 | Orc:2    | Bought a potion of curing for 45 gold pieces
 36830 | Orc:2    | Bought a potion of heal wounds for 75 gold pieces
 36876 | Orc:2    | Bought a potion of curing for 48 gold pieces
 36877 | Orc:2    | Bought the +3 falchion "Lynoligo" {venom, rF+ rN+ Stlth-}
                  | for 531 gold pieces
 37048 | Shoals:1 | Entered Level 1 of the Shoals
 37060 | Shoals:1 | Noticed Donald
 37066 | Shoals:1 | Killed Donald
 37315 | Shoals:1 | Offered knowledge of Plasma Beam by Vehumet.
 37512 | Shoals:1 | Gained mutation: You have an unnaturally thin skeletal
                  | structure. (Dex +6, Stealth+++) [demonic ancestry]
 37512 | Shoals:1 | Reached XP level 16. HP: 105/105 MP: 8/35
 38199 | Shoals:1 | Found a hide-covered altar of Uskayaw.
 38366 | Shoals:1 | Identified the +1 scale mail "Saleel" {rPois Str-3 SInv}
 38371 | Shoals:1 | Identified the +11 arbalest of Descent {heavy, *Slow rElec
                  | MP+9}
 38548 | Shoals:1 | Reached skill level 10 in Conjurations
 39008 | Shoals:1 | Learned a level 6 spell: Plasma Beam
 40152 | Shoals:2 | Reached skill level 1 in Air Magic
 40152 | Shoals:2 | Noticed Polyphemus
 40350 | Shoals:2 | Found a snail-covered altar of Cheibriados.
 40851 | Shoals:2 | Killed Polyphemus
 40852 | Shoals:2 | Reached skill level 16 in Spellcasting
 41821 | Shoals:3 | Noticed Roxanne
 42543 | Shoals:3 | Offered knowledge of Freezing Cloud by Vehumet.
 43078 | Shoals:3 | Reached skill level 10 in Earth Magic
 43409 | Shoals:4 | Entered Level 4 of the Shoals
 43443 | Shoals:4 | Identified the serpent talisman of Wuadwul {rElec Int-4
                  | Slay+3}
 43443 | Shoals:4 | Noticed Aizul
 43730 | Shoals:3 | Killed Aizul
 44392 | Shoals:4 | Gained mutation: You are completely covered in sharp
                  | spines. [demonic ancestry]
 44392 | Shoals:4 | Reached XP level 17. HP: 107/110 MP: 19/37
 46102 | Shoals:4 | Identified the blade talisman "Somm" {rPois rF- rC++
                  | Stlth+}
 46194 | Shoals:4 | Identified the amulet "Zanief" {Reflect Dex+5 Slay+3 SH+5}
 46407 | Shoals:4 | Reached skill level 17 in Spellcasting
 46525 | Shoals:4 | Got a barnacled rune of Zot
 46793 | Spider:1 | Entered Level 1 of the Spider Nest
 47499 | Spider:1 | Offered knowledge of Conjure Ball Lightning by Vehumet.
 47863 | Spider:1 | You are sucked into a shaft and drop 1 floor!
 47876 | Spider:2 | Noticed Asterion
 47881 | Spider:2 | Killed Asterion
 47891 | Spider:2 | Noticed Arachne
 50071 | Spider:2 | Killed Arachne
 51330 | Spider:3 | Offered knowledge of Irradiate by Vehumet.
 51493 | Spider:3 | Reached skill level 15 in Fire Magic
 51493 | Spider:3 | Gained mutation: You punish those that try to bend your
                  | will. (Will+) [demonic ancestry]
 51493 | Spider:3 | Reached XP level 18. HP: 117/117 MP: 25/39
 52015 | Spider:3 | Reached skill level 18 in Spellcasting
 53122 | Spider:4 | Entered Level 4 of the Spider Nest
 53125 | Spider:4 | Offered knowledge of Eringya's Noxious Bog by Vehumet.
 54111 | Spider:4 | Learned a level 6 spell: Eringya's Noxious Bog
 54470 | Spider:4 | Identified the +4 ring mail of the Endless Expanse {Rampage
                  | +Inv Will+ Dex+4 Stlth+}
 55191 | Spider:4 | Reached skill level 1 in Evocations
 55475 | Spider:4 | Got a gossamer rune of Zot
 55476 | Spider:4 | Found the +3 pair of gauntlets of War {Slay+5}
 55960 | Vaults:1 | Entered Level 1 of the Vaults
 56301 | Vaults:1 | Reached ****** piety under Vehumet
 56395 | Vaults:1 | Found a transporter.
 56395 | Vaults:1 | Noticed gb0801's ghost (adept MiFi)
 56403 | Vaults:1 | Found a transporter.
 56482 | Vaults:1 | Offered knowledge of Shatter by Vehumet.
 56482 | Vaults:1 | Offered knowledge of Chain Lightning by Vehumet.
 56482 | Vaults:1 | Offered knowledge of Ignition by Vehumet.
 56559 | Vaults:1 | Reached skill level 19 in Spellcasting
 56611 | Vaults:1 | Reached XP level 19. HP: 114/122 MP: 28/42
 56734 | Vaults:1 | Learned a level 8 spell: Ignition
 56941 | Vaults:1 | Noticed Nikola
 56966 | Vaults:1 | Killed Nikola
 57046 | Vaults:1 | Paralysed by a formless jellyfish for 1 turns
 57050 | Vaults:1 | Paralysed by a formless jellyfish for 1 turns
 57165 | Vaults:1 | Learned a level 9 spell: Shatter
 57553 | Vaults:1 | Reached skill level 5 in Air Magic
 57660 | Vaults:1 | Identified the +0 scale mail of Qabeixt {rPois Will- Dex+9}
 58068 | Vaults:1 | Learned a level 9 spell: Chain Lightning
 59426 | Vaults:2 | Identified the +1 scale mail of Serendipity {^Drain rElec
                  | rC+ Dex+3}
 59542 | Vaults:2 | Found a flickering gateway to a bazaar.
 59548 | Bazaar   | Entered a bazaar
 59562 | Bazaar   | Found Hialof's Jewellery Shoppe.
 59578 | Bazaar   | Found Taff's Magic Scroll Shoppe.
 59583 | Bazaar   | Bought a scroll of teleportation for 33 gold pieces
 59607 | Bazaar   | Found Yberi Ugodgh's Assorted Antiques.
 59637 | Bazaar   | Bought a steaming bone ring for 125 gold pieces
 59637 | Bazaar   | Identified the ring "Xaesof" {rElec rF+++ rN+ Will- Int-5}
                  | (You bought it in a shop in a bazaar)
 59663 | Bazaar   | Bought a scroll of amnesia for 44 gold pieces
 59663 | Bazaar   | Bought a scroll of enchant armour for 82 gold pieces
 59663 | Bazaar   | Bought a scroll of amnesia for 44 gold pieces
 60334 | Vaults:2 | Found a staircase to the Crypt.
 61107 | Vaults:3 | Reached skill level 20 in Spellcasting
 61125 | Vaults:3 | Reached XP level 20. HP: 129/129 MP: 36/44
 62153 | Vaults:3 | Learned a level 8 spell: Lehudib's Crystal Spear
 64319 | Vaults:4 | Found Jifucluk's Assorted Antiques.
 64329 | Vaults:4 | Bought a potion of curing for 111 gold pieces
 65490 | Elf:1    | Entered Level 1 of the Elven Halls
 66141 | Elf:1    | Identified the amulet "Monluc" {Rampage Regen+ Str+6 Dex+2}
 66266 | Elf:1    | You are sucked into a shaft and drop 1 floor!
 66270 | Elf:2    | Found the ring of Shadows {Umbra +Inv Stlth+}
 66300 | Elf:1    | Gained mutation: You are resistant to unholy torment.
                  | [demonic ancestry]
 66300 | Elf:1    | Reached XP level 21. HP: 129/134 MP: 15/45
 66376 | Elf:1    | Reached skill level 21 in Spellcasting
 66561 | Elf:1    | Paralysed by an air elemental for 1 turns
 66778 | Elf:1    | Got the Compendium of Hurting and Beckoning
 66878 | Elf:2    | Paralysed by an air elemental for 1 turns
 67265 | Elf:2    | Found a shimmering blue altar of Sif Muna.
 67507 | Elf:2    | Found a runed translucent gate.
 67508 | Elf:2    | Found a runed translucent gate.
 67508 | Elf:2    | Found a runed translucent gate.
 67792 | Elf:3    | Entered Level 3 of the Elven Halls
 68530 | Abyss:2  | Cast into level 2 of the Abyss (a deep elf sorcerer)
 68809 | Elf:3    | Escaped the Abyss
 68967 | Elf:3    | Identified the ring "Bopeclum" {rN+ Slay+2}
 69021 | Elf:3    | Reached skill level 10 in Air Magic
 69360 | Elf:3    | Got the Anthology of Anemomancy
 69435 | Elf:3    | Got the Notes on the Jaunt
 69799 | Crypt:1  | Entered Level 1 of the Crypt
 71184 | Crypt:2  | Reached skill level 22 in Spellcasting
 71290 | Crypt:2  | Gained mutation: You frequently emit foul miasma when
                  | damaged in melee. [demonic ancestry]
 71290 | Crypt:2  | Reached XP level 22. HP: 140/140 MP: 40/48
 72189 | Crypt:2  | Learned a level 6 spell: Dispersal
 72208 | Crypt:3  | Entered Level 3 of the Crypt
 72420 | Crypt:3  | Reached skill level 1 in Translocations
 73282 | Crypt:3  | Found a staircase to the Tomb.
 73815 | Crypt:3  | Learned a level 9 spell: Fire Storm
 74301 | Crypt:3  | Identified the +6 war axe "Wohig" {venom, rPois rCorr
                  | Str-4}
 74583 | Crypt:3  | Found the +8 pair of quick blades "Gyre" and "Gimble"
                  | {protect}
 74595 | Crypt:3  | Got Kikubaaqudgha's Enchiridion on Last Rites
 74622 | Crypt:3  | Identified the ring "Paymug" {Fire Dex+3}
 74626 | Crypt:3  | Identified the ring of Quifirr {rElec rN+}
 74626 | Crypt:3  | Identified the ring "Ynaenav" {rN+ Dex+3}
 75012 | D:11     | Killed december12's ghost
 75070 | D:11     | Got the ring of Wyxodwio {Fire ^Contam rPois Dex+4 Stlth+}
 75199 | Depths:1 | Entered Level 1 of the Depths
 75718 | Depths:1 | Identified the +9 scale mail "Ryiskoc" {+Blink +Inv Regen+
                  | Dex-5}
 76037 | Depths:1 | Noticed Saint Roka
 76104 | Depths:1 | Killed Saint Roka
 76670 | Depths:1 | Found a gateway to Hell.
 76677 | Depths:1 | Gained mutation: You occasionally lose the ability to read
                  | scrolls when taking damage. [a shining eye]
 76796 | Depths:1 | Gained mutation: You occasionally lose the ability to drink
                  | potions when taking damage. [a shining eye]
 76799 | Depths:1 | Lost mutation: Your movements are slightly less encumbered
                  | by armour. (ER -2) [potion of mutation]
 76799 | Depths:1 | Lost mutation: You occasionally lose the ability to read
                  | scrolls when taking damage. [potion of mutation]
 76799 | Depths:1 | Lost mutation: You occasionally lose the ability to drink
                  | potions when taking damage. [potion of mutation]
 76799 | Depths:1 | Gained mutation: You are dopey. (Int -2) [potion of
                  | mutation]
 76811 | Depths:1 | Reached XP level 23. HP: 145/145 MP: 19/49
 77555 | Depths:2 | Found a one-way gate leading to the halls of Pandemonium.
 77616 | Depths:2 | Reached skill level 23 in Spellcasting
 77870 | Depths:2 | Noticed a caustic shrike
 77878 | Depths:2 | Killed a caustic shrike
 77900 | Depths:2 | Noticed a juggernaut
 77904 | Depths:2 | Killed a juggernaut
 78104 | Depths:2 | Identified the +2 arbalest "Xoimid" {heavy, Str+5 Int+6
                  | Stlth-}
 78258 | Depths:2 | Found a one-way gate to the infinite horrors of the Abyss.
 78486 | Depths:2 | Noticed a caustic shrike
 78488 | Depths:2 | Noticed a caustic shrike
 78488 | Depths:2 | Noticed a caustic shrike
 78489 | Depths:2 | Noticed a caustic shrike
 78491 | Depths:2 | Killed a caustic shrike
 78494 | Depths:2 | Killed a caustic shrike
 78495 | Depths:2 | Killed a caustic shrike
 78771 | Depths:2 | Noticed a juggernaut
 78773 | Depths:2 | Killed a juggernaut
 79208 | Depths:2 | You are sucked into a shaft and drop 1 floor!
 79227 | Depths:3 | Reached skill level 15 in Conjurations
 79228 | Depths:3 | Noticed Vv
 79301 | Depths:2 | Killed a caustic shrike
 79421 | Depths:2 | Reached skill level 5 in Translocations
 80320 | Depths:3 | Noticed Boris
 80323 | Depths:3 | Reached skill level 15 in Air Magic
 81699 | Depths:3 | Reached XP level 24. HP: 152/152 MP: 49/50
 81994 | Depths:3 | HP: 6/152 [disintegration (99)]
 82553 | Depths:2 | Killed Boris
 83114 | Depths:3 | Killed Vv
 84112 | Depths:4 | Entered Level 4 of the Depths
 84365 | Depths:4 | Found a one-way gateway to a ziggurat.
 84991 | Depths:4 | Found an ornate altar of the Wu Jian Council.
 85211 | Depths:4 | Found a gate to the Realm of Zot.
 85564 | Depths:4 | Reached skill level 24 in Spellcasting
 86098 | Vaults:5 | Entered Level 5 of the Vaults
 87230 | Shoals:3 | Killed Roxanne
 87453 | Orc:2    | Killed gb0801's ghost
 87889 | Elf:2    | Noticed Norris
 87892 | Elf:2    | Killed Norris
 88341 | Elf:2    | Identified the blade talisman of the Mpinguari {Str+8}
 88766 | Vaults:1 | Killed gb0801's ghost
 89266 | Vaults:5 | Noticed a dread lich
 89270 | Vaults:5 | Reached XP level 25. HP: 157/157 MP: 41/51
 89274 | Vaults:5 | Killed a dread lich
 89480 | Vaults:5 | Reached skill level 15 in Earth Magic
 89515 | Vaults:5 | Identified the +4 dagger "Hijar" {freeze, rElec rPois
                  | Stlth+}
 89586 | Vaults:5 | Noticed a dread lich
 89590 | Vaults:5 | Killed a dread lich
 90015 | Vaults:5 | Identified the +0 plate armour of Farfalle {rF+}
 90105 | Vaults:5 | Gained mutation: You are occasionally teleported next to
                  | monsters. [mutagenic glow]
 90211 | Vaults:5 | Identified the staff "Penkawn" {rElec rPois Will+ Str-4
                  | Dex+4 Air}
 90214 | Vaults:5 | Identified the +2 ring mail of Uraubuto {Fly rF++ Int+3}
 90333 | Vaults:5 | Noticed a dread lich
 90342 | Vaults:5 | Killed a dread lich
 90505 | Vaults:5 | Lost mutation: You are dopey. (Int -2) [potion of mutation]
 90505 | Vaults:5 | Lost mutation: You are occasionally teleported next to
                  | monsters. [potion of mutation]
 90505 | Vaults:5 | Gained mutation: Your body sometimes deteriorates upon
                  | taking damage. [potion of mutation]
 90505 | Vaults:5 | Gained mutation: Your muscles are strong. (Str +4, Int/Dex
                  | -1) [potion of mutation]
 90637 | Vaults:5 | Identified the +6 hand axe "Xoittuf" {flame, Int+4 Dex+4}
 90648 | Vaults:5 | Identified the +7 battleaxe of the Nurturing Gods {protect,
                  | rElec Will+ Dex+4}
 90860 | Vaults:5 | Got a silver rune of Zot
 90993 | Vaults:5 | Found Kecom's Armour Boutique.
 91002 | Vaults:5 | Identified the +1 cloak of Dim Light {Str+4}
 91054 | Vaults:5 | Identified the +3 fire dragon scales "Nusothom" {rF++ rC-
                  | Dex+4 SInv Stlth-}
 91213 | Vaults:5 | Identified the +7 hand axe of Perversion {freeze, rF+}
 91232 | Vaults:5 | Identified the +1 robe of the Bursting Gods {rC- rCorr
                  | Int+5 SInv}
 91360 | Vaults:5 | Noticed an ancient lich
 91372 | Vaults:5 | Killed an ancient lich
 91616 | Lair:1   | Learned a level 8 spell: Disjunction
 91852 | Zot:1    | Entered Level 1 of the Realm of Zot
 92117 | Zot:1    | Reached skill level 25 in Spellcasting
 92687 | Zot:1    | Learned a level 9 spell: Death's Door
 92986 | Zot:1    | Reached skill level 1 in Necromancy
 94052 | Zot:2    | Noticed an orb of fire
 94055 | Zot:2    | Gained mutation: You are frail. (-10% HP) [an orb of fire]
 94055 | Zot:2    | Gained mutation: Your magical capacity is low. (-10% MP)
                  | [an orb of fire]
 94057 | Zot:2    | Killed an orb of fire
 94058 | Zot:2    | Lost mutation: You are frail. (-10% HP) [potion of
                  | mutation]
 94058 | Zot:2    | Lost mutation: Your muscles are strong. (Str +4, Int/Dex
                  | -1) [potion of mutation]
 94058 | Zot:2    | Lost mutation: Your magical capacity is low. (-10% MP)
                  | [potion of mutation]
 94058 | Zot:2    | Gained mutation: You have large cloven feet. [potion of
                  | mutation]
 94058 | Zot:2    | Gained mutation: You are agile. (Dex +4, Str/Int -1)
                  | [potion of mutation]
 94601 | Zot:2    | Noticed a Killer Klown
 94750 | Zot:2    | Killed a Killer Klown
 94793 | Zot:2    | Noticed a Killer Klown
 94813 | Zot:2    | Killed a Killer Klown
 95193 | Zot:2    | Gained mutation: You can hurl damnation. [demonic ancestry]
 95193 | Zot:2    | Reached XP level 26. HP: 159/164 MP: 42/52
 95918 | Zot:3    | Noticed an orb of fire
 96276 | Hell     | Entered the Vestibule of Hell
 96276 | Hell     | Noticed Geryon
 96281 | Hell     | HP: 7/164 [sun demon (20)]
 96281 | Hell     | HP: 2/164 [sun demon (5)]
 97128 | Slime:1  | Entered Level 1 of the Pits of Slime
 97211 | Slime:1  | Gained mutation: Armour fits poorly on your strangely
                  | shaped body. [a shining eye]
 97910 | Slime:4  | Gained mutation: Your spells are a little harder to cast,
                  | but a little more powerful. [a shining eye]
 98531 | Slime:5  | Entered Level 5 of the Pits of Slime
 98857 | Slime:5  | Noticed the Royal Jelly
 98861 | Slime:5  | Killed the Royal Jelly
 99238 | Slime:5  | Identified the +2 leather armour of Hairiness {rF+ Regen+}
 99443 | Slime:5  | Got the Handbook of Anthracomancy and Transmogrification
 99447 | Slime:5  | Got a slimy rune of Zot
 99452 | Slime:5  | Identified the +6 quarterstaff of Jeliadgh {flame, rN+
                  | Int+4}
 99620 | Slime:5  | Identified the +5 whip "Pasyv" {flame, SInv}
 99632 | Slime:5  | Identified the +5 arbalest of Patience {speed, Will+}
 99682 | Slime:5  | Found the +10 dark maul {heavy}
 99702 | Slime:5  | Identified the +8 dagger of Righteous Anger {freeze, *Slow
                  | rElec rF+ Stlth+}
 99704 | Slime:5  | Identified the +0 plate armour "Someqan" {Rampage rPois
                  | Int+3 Dex-4}
100273 | Hell     | Killed Geryon
100274 | Hell     | Reached skill level 5 in Necromancy
100527 | Hell     | HP: 2/163 [soul eater (8)]
101313 | Hell     | Noticed Murray
102126 | Zot:3    | Identified the ring "Jazoxeda" {Ice +Blink}
102126 | Zot:3    | Identified the death talisman of Asceticism {rC+ Int-5
                  | Dex+3 Slay+3}
102126 | Zot:3    | Noticed Josephina
102132 | Zot:2    | Killed an orb of fire
102753 | Tomb:1   | Entered Level 1 of the Tomb of the Ancients
103286 | Tomb:1   | Noticed a royal mummy
103291 | Tomb:1   | Killed a royal mummy
103421 | Tomb:1   | Reached skill level 26 in Spellcasting
104665 | Tomb:1   | Identified the staff of Scorn {rF+ Str+4 Hexes Fire Earth}
104748 | Tomb:1   | Noticed a royal mummy
104750 | Tomb:1   | Noticed a royal mummy
104752 | Tomb:1   | Killed a royal mummy
104756 | Tomb:1   | Noticed a royal mummy
104759 | Tomb:1   | Killed a royal mummy
104760 | Tomb:1   | Killed a royal mummy
104762 | Tomb:1   | Noticed a royal mummy
105178 | Tomb:1   | Killed a royal mummy
105179 | Tomb:1   | Reached XP level 27. HP: 85/169 MP: 38/53
105389 | Tomb:1   | Noticed a royal mummy
105392 | Tomb:1   | Killed a royal mummy
105409 | Tomb:1   | Noticed a royal mummy
105410 | Tomb:1   | Killed a royal mummy
105411 | Tomb:1   | Killed a royal mummy
105414 | Tomb:1   | Noticed a royal mummy
105416 | Tomb:1   | Killed a royal mummy
105417 | Tomb:1   | Noticed a royal mummy
105425 | Tomb:1   | Killed a royal mummy
105776 | Tomb:1   | Noticed a royal mummy
105780 | Tomb:1   | Killed a royal mummy
105944 | Tomb:1   | Noticed a royal mummy
105947 | Tomb:1   | Killed a royal mummy
106038 | Tomb:1   | Noticed a royal mummy
106041 | Tomb:1   | Killed a royal mummy
106178 | Tomb:1   | Noticed a royal mummy
106181 | Tomb:1   | Killed a royal mummy
106185 | Tomb:1   | Noticed a royal mummy
106188 | Tomb:1   | Killed a royal mummy
106542 | Tomb:1   | Noticed a royal mummy
106545 | Tomb:1   | Killed a royal mummy
106673 | Tomb:1   | Noticed a royal mummy
106676 | Tomb:1   | Killed a royal mummy
106852 | Tomb:1   | Noticed a royal mummy
106856 | Tomb:1   | Killed a royal mummy
107005 | Tomb:1   | Noticed a royal mummy
107009 | Tomb:1   | Killed a royal mummy
107031 | Tomb:1   | Noticed a royal mummy
107035 | Tomb:1   | Killed a royal mummy
107364 | Tomb:1   | Noticed a royal mummy
107368 | Tomb:1   | Killed a royal mummy
107489 | Tomb:1   | Noticed a royal mummy
107492 | Tomb:1   | Killed a royal mummy
107702 | Tomb:1   | Glimpsed the power of Zot.
108105 | Orc:2    | Bought a potion of mutation for 120 gold pieces
108105 | Orc:2    | Bought a potion of mutation for 120 gold pieces
108105 | Orc:2    | Bought 2 potions of mutation for 240 gold pieces
108105 | Orc:2    | Bought 2 potions of magic for 240 gold pieces
108434 | Zot:3    | Killed Josephina
109610 | Zot:4    | Found the +4 dragonskin cloak
109610 | Zot:4    | Noticed Tiamat
109826 | Hell     | Killed Murray
110082 | Depths:4 | HP: 2/169 [iron golem (44)]
110082 | Depths:4 | Annihilated by an iron golem

Illustrated notes

Levels and vault maps discovered:
D:1:      minmay_arrival_arboretum_small, layout_basic,
          hellmonk_ecumenical_altar_dog_temple
D:2:      layout_basic, serial_shops, shop, dreamdust_princess_bridge
D:3:      layout_basic, minmay_box_of_dots
D:4:      layout_loops_ring, enter_ossuary_4
D:5:      layout_cave_pods, uniq_crazy_yiuf_cottage
D:6:      layout_layer_cave, minmay_temple_entry_waves, roderic_lattice_a
D:7:      layout_rooms, fedhas_altar_4
D:8:      layout_layer_cave
D:9:      layout_basic, minivault_16
D:10:     layout_basic
D:11:     layout_rooms, minmay_lair_entry_grove, gammafunk_ghost_icy,
          kennysheep_kite_vault
D:12:     layout_irregular_city, orc_0_dummy, minivault_23, serial_park_tiny_2,
          minmay_misc_feat_roman
D:13:     layout_irregular_city, serial_column_ruins, column_ruins_grid_1,
          column_ruins_corridor_corner, column_ruins_open_large,
          column_ruins_columns_dead_end, column_ruins_open_medium,
          column_ruins_grid_1, column_ruins_grid_1,
          hangedman_abyss_or_decor_stagger, nicolae_two_hexagons,
          nicolae_gozag_cash_rules_everything_around_me
D:14:     layout_roguey, grunt_vaults_entry_tiered, skrybe_limestone_x,
          kennysheep_orc_sif_temple
D:15:     hangedman_depths_entry_try_elsewhere_first, layout_irregular_city,
          nicolae_vehumet_radiance
Temple:   mainiacjoe_temple_starburst
Lair:1:   layout_roguey, nzn_masters_of_martial_movement
Lair:2:   layout_big_grid, minmay_shoals_entry_centaurs, grunt_megastairs_4
Lair:3:   layout_cave_pods, nicolae_spider_entry_tight_spaces, st_stairs_7,
          dreamdust_gnoll_shepherd
Lair:4:   layout_layer_cave
Lair:5:   gammafunk_lair_ancient_temple, layout_cave_pods,
          dpeg_slime_entry_corner, lemuel_fruit_tree, infiniplex_staircase_pool
Shoals:1: layout_shoals, regret_index_shoals_crete, uniq_donald
Shoals:2: layout_shoals, lemuel_altar_in_water, uniq_polyphemus
Shoals:3: layout_shoals, nicolae_shoals_spring_well_temple, uniq_roxanne
Shoals:4: shoals_end_hangedman, layout_shoals, uniq_aizul
Spider:1: layout_chambers, portal_ice_cave_entry_pillars_three,
          nicolae_spider_shape
Spider:2: spider_temple_joshua, hangedman_spider_tarantella_strand,
          uniq_arachne, uniq_asterion
Spider:3: nicolae_spider_hilbert_zone_2 [nicolae_spider_hilbert_4_sides_1_open,
          nicolae_spider_hilbert_4_sides_1_open,
          nicolae_spider_hilbert_4_sides_1_open,
          nicolae_spider_hilbert_4_sides_1_open,
          nicolae_spider_hilbert_6_sides_1_open,
          nicolae_spider_hilbert_6_sides_1_open,
          nicolae_spider_hilbert_3_sides_1_open,
          nicolae_spider_hilbert_3_sides_1_open,
          nicolae_spider_hilbert_3_sides_1_open,
          nicolae_spider_hilbert_3_sides_1_open,
          nicolae_spider_hilbert_6_sides_1_open,
          nicolae_spider_hilbert_6_sides_1_open,
          nicolae_spider_hilbert_6_sides_1_open,
          nicolae_spider_hilbert_6_sides_1_open]
Spider:4: grunt_spider_rune_circles
Slime:1:  layout_caves
Slime:2:  layout_caves, cheibrodos_slime_lost_civilization_6
Slime:3:  layout_caves
Slime:4:  layout_caves, cheibrodos_slime_lost_civilization_4
Slime:5:  slime_pit_nicolae_inversion
Orc:1:    layout_caves, serial_shops, shop
Orc:2:    grunt_orc_tribal_feast, layout_caves, basic_altar,
          ebering_ghost_inner_flame, serial_shops, shop,
          nicolae_shop_gibbet_a_chance,
          nicolae_shop_competitors_out_of_business,
          nicolae_shop_industrial_runoff, nicolae_shop_tiny_statue_garden,
          uniq_erolcha
Elf:1:    eino_elf_arrival_the_gate, layout_rooms, minmay_elf_sorcery,
          eino_tiny_chamber
Elf:2:    nicolae_elf_blades_crystal_corner, layout_gridlike, serial_glass,
          glass_columns_b, glass_columns_a, basic_altar, nrook_uturn,
          guppyfry_elf_castle, uniq_norris
Elf:3:    elf_hall, layout_geoelf_octagon, special_room [special_room_orc],
          minivault_5, nicolae_elf_big_sculpture_1
Vaults:1: gammafunk_ghost_arena, nicolae_vaults_ninety_degrees, v_misc_4,
          lightli_church_of_beogh, hangedman_vaults_restitches,
          nicolae_vaults_rhombus_5, nicolae_vaults_border_crossing,
          nicolae_vaults_more_shelving_1, layout_vaults_omnigrid, uniq_nikola
Vaults:2: nicolae_vaults_network_square, grunt_vaults_diagonal, v_alt_pattern_6,
          nicolae_vaults_shrinking_rooms_2, nicolae_vaults_diamond_2,
          nicolae_vaults_storage_closets_1, hangedman_vaults_stream,
          vaults_room_boxed, nicolae_vaults_meeting, ontoclasm_vaults_pinch,
          vaults_room_octagon, nicolae_vaults_theta, hangedman_vaults_impose,
          minmay_crypt_entry_simple_box, layout_vaults_maze, serial_shops,
          bzr_entry_safe
Vaults:3: nicolae_vaults_tetromino_T_1, nicolae_vaults_spaceships,
          nicolae_vaults_angled_halls, v_misc_13, nicolae_vaults_house_1,
          ontoclasm_vaults_shuriken, nicolae_vaults_sesquioval_fish,
          nicolae_vaults_windows_and_doors_thing, hangedman_vaults_pinch,
          hangedman_vaults_slither, nicolae_vaults_little_squares_4,
          vaults_room_fours, nicolae_vaults_library_corner,
          layout_vaults_omnicross
Vaults:4: mu_enter_wizlab_6, grunt_vaults_hallway_long,
          hangedman_vaults_variations, nicolae_vaults_house_2,
          vaults_dpeg_spiral, hangedman_vaults_snaps, hangedman_vaults_maws,
          dpeg_vaults_monster_box, v_misc_3, nicolae_vaults_swerve,
          nicolae_vaults_sightless_eye, nicolae_vaults_storage_room_doors,
          ontoclasm_vaults_gateway, layout_vaults_ring, serial_shops,
          nicolae_shop_crystal
Vaults:5: serial_shops
Crypt:1:  layout_chaotic_city, minmay_misc_feat_rows, st_stairs_13,
          grunt_ministairs_8, grunt_crypt_arrival_guarded_gate
Crypt:2:  layout_regular_city
Crypt:3:  due_elkab, layout_chaotic_city, minmay_misc_feat_columns
Tomb:1
Depths:1: layout_honeycomb, nicolae_hell_entry_hellmouth_sunbeams,
          evilmike_butchery, firewood_loft, grunt_megastairs_5,
          serial_bayou_shore_b, uniq_saint_roka
Depths:2: grunt_runaround [grunt_runaround_loot, grunt_runaround_doors_1,
          grunt_runaround_doors_2, grunt_runaround_doors_3,
          grunt_runaround_doors_4], hell_entry, pan_entry, abyss_entry
Depths:3: nicolae_cairo_tiling_large, layout_cave_shapes, chequers_big_river,
          abyss_entry, hell_entry, reono_crystal_passage,
          minmay_staircase_bubble, uniq_boris, uniq_vv
Depths:4: grunt_zot_entry_tricorne, layout_gridville, enter_ziggurat_b,
          nicolae_wu_jian_wuxing_cycle, hell_entry, grunt_ministairs_15
Hell
Zot:1:    layout_basic, bh_zot_levy_curve
Zot:2:    grunt_zot_stairs_faceoff, layout_gridlike
Zot:3:    layout_cellular_growth, evilmike_ambush
          [evilmike_ambush_outer_pillars, evilmike_ambush_inner_basic],
          regret_index_zotdec_banners, uniq_josephina
Zot:4:    regret_index_malice_mire, layout_misc_corridors, uniq_tiamat

Skill      XL: |  1  2  3  4  5  6  7  8  9 10 11 12 13 14 15 16 17 18 19 20 21 22 23 24 25 26 27 |
---------------+----------------------------------------------------------------------------------+-----
Fire Magic     | 3 4 5 6 7 8 9 10 11 12 13 14 15 16 17 18 19 20 21 | 21.6
Dodging        | 2 3 4 |  4.5
Fighting       | 1 2 3 4 |  4.0
Conjurations   | 2 3 4 5 7 8 9 10 11 12 13 14 15 16 18 19 | 19.4
Stealth        | 2 3 4 |  4.5
Spellcasting   | 3 4 5 7 8 10 12 14 15 16 17 19 20 22 23 24 25 26 | 26.7
Hexes          | 1 2 3 4 5 6 7 8 9 |  9.7
Shields        | 1 2 3 4 5 |  5.7
Earth Magic    | 1 2 3 4 6 7 8 9 10 11 12 13 14 15 16 | 16.7
Alchemy        | 3 5 7 8 9 |  9.8
Air Magic      | 1 3 4 6 8 10 13 15 16 17 18 | 18.1
Evocations     | 1 |  1.4
Translocations | 3 5 6 7 |  7.0
Necromancy     | 2 6 8 |  8.3
Maces & Flails | |  0.9

Action                     |  1- 3 |  4- 6 |  7- 9 | 10-12 | 13-15 | 16-18 | 19-21 | 22-24 | 25-27 || total
---------------------------+-------+-------+-------+-------+-------+-------+-------+-------+-------++-------
  Melee: Mace              |     6 |    24 |     4 |       |       |       |       |       |       ||    34
         Morningstar       |       |       |     1 |     4 |     6 |       |       |       |       ||    11
         Staff             |       |       |       |       |     9 |    10 |     3 |       |       ||    22
         Bo                |       |       |       |       |       |       |       |       |     1 ||     1
   Cast: Foxfire           |    96 |   112 |   118 |   166 |   131 |       |       |       |       ||   623
         Scorch            |    12 |    13 |    27 |    53 |   189 |    73 |     1 |       |       ||   368
         Inner Flame       |       |     1 |    59 |   100 |   313 |   319 |    13 |       |       ||   805
         Stone Arrow       |       |       |       |     2 |     4 |     2 |       |       |       ||     8
         Mephitic Cloud    |       |       |       |     4 |    16 |     2 |       |       |       ||    22
         Olgreb's Toxic Ra |       |       |       |       |   179 |   194 |    14 |     2 |       ||   389
         Iskenderun's Batt |       |       |       |       |    31 |       |       |       |       ||    31
         Ignite Poison     |       |       |       |       |    50 |    44 |     1 |       |       ||    95
         Plasma Beam       |       |       |       |       |       |   288 |   511 |   609 |    77 ||  1485
         Eringya's Noxious |       |       |       |       |       |     9 |     2 |       |       ||    11
         Ignition          |       |       |       |       |       |       |   131 |   148 |     3 ||   282
         Lehudib's Crystal |       |       |       |       |       |       |    37 |    76 |    26 ||   139
         Dispersal         |       |       |       |       |       |       |       |     1 |       ||     1
         Fire Storm        |       |       |       |       |       |       |       |    18 |   254 ||   272
         Chain Lightning   |       |       |       |       |       |       |       |       |   210 ||   210
         Shatter           |       |       |       |       |       |       |       |       |     5 ||     5
  Evoke: Phial of floods   |       |       |       |       |     2 |     3 |     1 |     1 |     1 ||     8
         Wand              |       |       |       |       |     2 |    15 |     6 |     3 |       ||    26
         Sack of spiders   |       |       |       |       |       |     1 |     1 |       |       ||     2
    Use: Scroll            |     4 |     6 |     1 |     3 |     5 |     4 |     7 |     7 |     6 ||    43
         Potion            |     7 |     3 |     3 |     1 |     5 |     2 |     1 |     8 |     3 ||    33
 Armour: Robe              |    38 |    33 |     5 |       |     5 |   311 |   109 |   193 |   310 ||  1004
         Leather armour    |       |       |    39 |    88 |   230 |       |       |       |       ||   357
  Dodge: Dodged            |    47 |    31 |    10 |    29 |    68 |   102 |    35 |    84 |    69 ||   475
  Block: Buckler           |       |    14 |     4 |    11 |    39 |   134 |    22 |    40 |    52 ||   316
         Reflection        |       |       |       |       |     1 |    26 |       |       |       ||    27

Table legend: (Time is in decaauts)
 A = Elapsed time spent in this place.
 B = Non-inter-level travel time spent in this place.
 C = Inter-level travel time spent in this place.
 D = Time resting spent in this place.
 E = Time spent auto-exploring this place.
 F = Levels seen in this place.
 G = Mean time per level.
                   A        B        C        D        E       F      G
               +--------+--------+--------+--------+--------+-----+--------+
         Total | 110485 |  93982 |  16503 |    962 |  80698 |  61 | 1811.2 |
       Dungeon |  26979 |  23223 |   3756 |    322 |  20141 |  15 | 1798.6 |
        Temple |    125 |      2 |    123 |      0 |      0 |   1 |  125.0 |
          Lair |  11062 |   9572 |   1490 |    100 |   8129 |   5 | 2212.4 |
        Shoals |   9240 |   8090 |   1150 |     28 |   7031 |   4 | 2310.0 |
   Spider Nest |   8994 |   7652 |   1342 |     30 |   6520 |   4 | 2248.5 |
    Slime Pits |   2809 |   2612 |    197 |    159 |   2145 |   5 |  561.8 |
  Orcish Mines |   2883 |   2279 |    604 |      0 |   1968 |   2 | 1441.5 |
   Elven Halls |   4538 |   3840 |    698 |      0 |   3193 |   3 | 1512.7 |
        Vaults |  13247 |  10923 |   2324 |      2 |   9248 |   5 | 2649.4 |
         Crypt |   5072 |   4032 |   1040 |      0 |   3449 |   3 | 1690.7 |
          Tomb |   5125 |   4716 |    409 |      0 |   4286 |   1 | 5125.0 |
        Depths |  13716 |  11118 |   2598 |    283 |   9585 |   4 | 3429.0 |
          Hell |     40 |     40 |      0 |      0 |      0 |   1 |   40.0 |
           Zot |   6052 |   5285 |    767 |     31 |   4701 |   4 | 1513.0 |
         Abyss |    278 |    278 |      0 |      7 |    146 |   2 |  139.0 |
        Bazaar |    181 |    181 |      0 |      0 |     72 |   1 |  181.0 |
       Ossuary |    137 |    137 |      0 |      0 |     80 |   1 |  137.0 |
               +--------+--------+--------+--------+--------+-----+--------+

Top non-repeatable levels by time:
Depths:2: 6094 daAuts
  Tomb:1: 5125 daAuts
Vaults:1: 3532 daAuts
Depths:1: 3425 daAuts
    D:11: 2993 daAuts
Vaults:4: 2807 daAuts
Vaults:3: 2771 daAuts
Spider:3: 2768 daAuts
  Lair:5: 2723 daAuts
   Zot:2: 2713 daAuts
  Lair:3: 2710 daAuts
Spider:1: 2520 daAuts
  Lair:2: 2516 daAuts
Shoals:1: 2514 daAuts
Spider:2: 2512 daAuts
